 Dungeon Crawl Stone Soup version 0.24-a0-487-g57318f2ed0 (webtiles) character file.

Game seed: 6153953817459947214

4959 hitsuchi the Archer (level 10, -10/93 HPs)
             Began as a Centaur Hunter on July 10, 2019.
             Was a Priest of Okawaru.
             Mangled by Snorg (13 damage)
             ... on level 10 of the Dungeon.
             The game lasted 00:21:09 (10318 turns).

hitsuchi the Archer (Centaur Hunter)               Turns: 10318, Time: 00:21:10

Health: -10/93     AC: 10    Str: 17    XL:     10   Next: 28%
Magic:  12/12      EV:  9    Int: 10    God:    Okawaru [***...]
Gold:   599        SH:  0    Dex: 11    Spells: 9/9 levels left

rFire    . . .     SeeInvis .   a - +1 shortbow
rCold    . . .     Gourm    .   (shield currently unavailable)
rNeg     . . .     Faith    .   y - +0 ring mail
rPois    .         Spirit   .   j - +0 helmet
rElec    .         Reflect  .   m - +0 cloak {+Inv}
rCorr    .         Harm     .   g - +1 pair of gloves
MR       .....                  (no barding)
Stlth    ..........             (no amulet)
HPRegen  0.25/turn              t - ring of attention (curse)
MPRegen  0.13/turn              (no ring)

@: very quick
A: large, hooves 3, deformed body, speed 2, tough skin 3
a: Heroism, Renounce Religion, Evoke Invisibility


You were on level 10 of the Dungeon.
You worshipped Okawaru.
Okawaru was most pleased with you.
You were not hungry.

You visited 2 branches of the dungeon, and saw 11 of its levels.

You collected 599 gold pieces.

Inventory:

Hand Weapons
 a - a +1 shortbow (weapon)
 b - a +2 dagger of venom
 h - a +0 short sword
Missiles
 F - 65 arrows (quivered)
Armour
 g - a +1 pair of gloves (worn)
 j - a +0 helmet (worn)
 m - a +0 cloak of invisibility (worn)
 y - a +0 ring mail (worn)
Jewellery
 t - a cursed ring of attention (left hand)
 K - an uncursed ring of ice
Wands
 r - a wand of paralysis (5)
 z - a wand of random effects (9)
 G - a wand of digging (6)
Scrolls
 c - a scroll of fear {unknown}
 e - 8 scrolls of teleportation
 k - 2 scrolls of enchant weapon {unknown}
 l - 4 scrolls of immolation {unknown}
 o - 3 scrolls of remove curse {unknown}
 p - a scroll of noise {unknown}
 u - 3 scrolls of magic mapping {unknown}
 w - 4 scrolls of amnesia {unknown}
 B - 2 scrolls of enchant armour {unknown}
 C - 8 scrolls of identify {unknown}
 D - a scroll of fog {unknown}
 E - 2 scrolls of blinking {unknown}
Potions
 d - a potion of cancellation {unknown}
 i - 3 potions of curing {unknown}
 n - 2 potions of degeneration {unknown}
 q - a potion of brilliance {unknown}
 s - 3 potions of resistance {unknown}
 v - a potion of flight {unknown}
 x - 3 potions of agility {unknown}
 A - 3 potions of heal wounds {unknown}
 H - a potion of mutation {unknown}
 J - a potion of haste {unknown}
Comestibles
 f - 21 rations


   Skills:
 - Level 10.0 Fighting
 - Level 0.6 Short Blades
 - Level 14.0 Bows
 + Level 1.7 Armour
 + Level 2.4 Dodging
 - Level 0.4 Stealth
 - Level 3.0 Invocations


You had 9 spell levels left.
You didn't know any spells.
Your spell library was empty.

Dungeon Overview and Level Annotations

Branches:
Dungeon (10/15)            Temple (1/1) D:5
   Lair: D:8-11         Orc: D:9-12

Altars:
Ashenzari
Cheibriados
Dithmenos
Elyvilon
Fedhas
Gozag
Hepliaklqana
Kikubaaqudgha
Makhleb
Nemelex Xobeh
Okawaru
Qazlal
Ru
Sif Muna
Trog
Uskayaw
Vehumet
Wu Jian
Xom
Yredelemnul
Zin
The Shining One
Beogh

Annotations:
D:7 2 transporters, 1 runed translucent door, MirrMurr's ghost, novice GnWz
D:10 Snorg


Innate Abilities, Weirdness & Mutations

You have hooves in place of feet.
Armour fits poorly on your strangely shaped body.
You cover ground very quickly.
You have extremely tough skin. (AC +3)


Message History

Found 11 gold pieces.
Firing (i - inventory)
F - 66 arrows (quivered)
Press: ? - help, Shift-Dir - straight line, f/p - Snorg
Aim: Snorg (almost dead, berserk, fast, unusually strong)
You shoot an arrow. The arrow barely misses Snorg.
Found a scroll labeled WEOFIR NIGANYT.
Okay, then.
Evoke which item? (* to show all) (? for menu, Esc to quit)
Aiming: Paralyse
Press: ? - help, Shift-Dir - straight line, f/p - Snorg
Aim: Snorg (almost dead, berserk, fast, unusually strong, chance to defeat MR: 15%)
Okay, then.
Snorg rages.
There is a stone staircase leading up here.
Snorg bites you!
* * * LOW HITPOINT WARNING * * *
Snorg claws you!
* * * LOW HITPOINT WARNING * * *
Snorg claws you!
You die...

......##.........####.....##..#
...................#..........##
....##..........................
....#..........................
.............................#
...##....................?..#
...........#...............##
###.......# #....<....#.....###
#.#....#..###...@T....##....$.#
[)....###.............###...###
......#...............#....##
).........((..(((.(.(......#
..........##..............##
..........##<.............#
........###.)............##
........# ##............##
........####...).......##


You could see Snorg (berserk).

Vanquished Creatures
  Harold (D:7)
  A wyvern (D:8)
  Duvessa (D:7)
  A hornet zombie (D:8)
  2 orc warriors
  2 ice beasts
  6 ogres
  2 phantoms
  4 sky beasts
  3 centaurs
  A crocodile (D:8)
  2 big kobolds (D:9)
  3 bullfrogs
  Dowan (D:7)
  A scorpion (D:8)
  An oklob sapling (D:5)
  5 killer bees (D:8)
  4 wights (D:8)
  2 howler monkeys
  4 crimson imps
  3 bullfrog zombies
  A centaur zombie (D:5)
  A jelly (D:9)
  Crazy Yiuf (D:6)
  4 hounds
  2 orc priests
  6 iguanas
  9 orc wizards
  3 worker ants
  A hound zombie (D:10)
  2 worker ant zombies
  14 adders
  A shadow imp (D:6)
  2 oozes (D:3)
  5 worms
  3 dart slugs
  6 leopard geckos
  26 orcs
  4 ball pythons
  4 bat zombies (D:2)
  2 giant cockroaches
  10 goblins
  9 hobgoblins
  9 jackals
  24 kobolds
  3 quokkas
  11 bats
  9 frilled lizards
  A jackal skeleton (D:7)
  A quokka skeleton (D:5)
  12 rats
  A rat zombie (D:2)
  A plant (D:5)
238 creatures vanquished.

Notes
Turn   | Place    | Note
-------+----------+-------------------------------------------
     0 | D:1      | hitsuchi the Centaur Hunter began the quest for the Orb.
     0 | D:1      | Reached XP level 1. HP: 17/17 MP: 1/1
   191 | D:1      | Reached XP level 2. HP: 23/24 MP: 2/2
   531 | D:1      | Reached skill level 6 in Bows
   790 | D:1      | Reached XP level 3. HP: 29/29 MP: 3/3
  1066 | D:2      | Reached XP level 4. HP: 36/37 MP: 4/4
  1182 | D:2      | Reached skill level 7 in Bows
  1354 | D:2      | Found an ancient bone altar of Kikubaaqudgha.
  1616 | D:3      | Reached XP level 5. HP: 45/45 MP: 5/5
  1748 | D:3      | Found a sparkling altar of Nemelex Xobeh.
  1915 | D:3      | Noticed an ogre
  1918 | D:3      | Noticed a phantom
  1962 | D:3      | Killed an ogre
  1962 | D:3      | Reached skill level 8 in Bows
  1987 | D:3      | Killed a phantom
  1987 | D:3      | Reached XP level 6. HP: 33/52 MP: 6/6
  2486 | D:4      | Reached skill level 9 in Bows
  2649 | D:4      | Found a shadowy altar of Dithmenos.
  2651 | D:4      | Found a glowing golden altar of the Shining One.
  2790 | D:4      | Reached XP level 7. HP: 55/60 MP: 7/7
  2849 | D:4      | Noticed a moth of wrath
  2866 | D:4      | Found a bloodstained altar of Trog.
  3279 | D:5      | Entered Level 5 of the Dungeon
  3437 | D:5      | Reached skill level 10 in Bows
  3542 | D:5      | Found a stormy altar of Qazlal.
  3594 | D:5      | Reached skill level 5 in Fighting
  3791 | D:5      | Found a staircase to the Ecumenical Temple.
  3833 | Temple   | Entered the Ecumenical Temple
  4126 | Temple   | Became a worshipper of Warmaster Okawaru
  4245 | D:6      | Found a white marble altar of Elyvilon.
  4338 | D:5      | Reached skill level 11 in Bows
  4338 | D:5      | Reached XP level 8. HP: 41/69 MP: 8/8
  5034 | D:6      | Reached * piety under Okawaru
  5085 | D:6      | Found a runed translucent door.
  5086 | D:6      | Noticed Crazy Yiuf
  5120 | D:6      | Killed Crazy Yiuf
  5165 | D:6      | Reached skill level 1 in Invocations
  6076 | D:7      | Reached skill level 12 in Bows
  6218 | D:7      | Noticed Dowan
  6218 | D:7      | Noticed Duvessa
  6234 | D:7      | Killed Duvessa
  6236 | D:7      | Killed Dowan
  6602 | D:7      | Found a transporter.
  6907 | D:7      | Reached XP level 9. HP: 69/78 MP: 11/11
  6997 | D:7      | Noticed Harold
  7083 | D:7      | Killed Harold
  7083 | D:7      | Reached ** piety under Okawaru
  7083 | D:7      | Reached skill level 13 in Bows
  7387 | D:7      | Found a runed translucent door.
  7443 | D:7      | Found a roughly hewn altar of Beogh.
  7443 | D:7      | Found a transporter.
  7478 | D:7      | Reached skill level 14 in Bows
  7692 | D:7      | Noticed MirrMurr's ghost (novice GnWz)
  7810 | D:8      | Reached *** piety under Okawaru
  8547 | D:8      | Reached XP level 10. HP: 91/91 MP: 12/12
  9022 | D:9      | Received a gift from Okawaru
  9165 | D:9      | Reached skill level 10 in Fighting
  9913 | D:10     | Entered Level 10 of the Dungeon
  9923 | D:10     | Reached skill level 1 in Armour
 10247 | D:10     | Noticed Snorg
 10318 | D:10     | HP: 3/93 [Snorg (17)]
 10318 | D:10     | Mangled by Snorg

Levels and vault maps discovered:
D:1:      ebering_trefoil_twist, layout_basic
D:2:      layout_rooms, lemuel_zombie_altar_kikubaaqudgha, first_ration
D:3:      layout_loops_cross, overflow_temple_1_default, minmay_ruptured
D:4:      layout_loops_ring, nicolae_overflow_hidden_temple, tgw_trog
D:5:      layout_basic, minmay_temple_entry_oklob, grunt_qazlal_clouds
D:6:      layout_basic, basic_altar, chequers_mini_garden,
          uniq_crazy_yiuf_cottage
D:7:      gammafunk_beogh_shrine, layout_basic, ebering_ghost_reflecting_pool,
          grunt_ogre_cave, minmay_diced_spiral, uniq_harold, uniq_duvessa
D:8:      layout_basic, nrook_campfire
D:9:      layout_cave_pods, serial_park, serial_park_tiny_pond,
          serial_park_square2, serial_park_gazebo [serial_park_minivault_5x5_7],
          serial_park_tiny_1
D:10:     layout_cave_pools, serial_shops, nicolae_shop_waterfront,
          uniq_nergalle, uniq_snorg
Temple:   regret_index_temple_mists

Skill      XL: |  1  2  3  4  5  6  7  8  9 10 |
---------------+-------------------------------+-----
Bows           | 6 7 8 9 11 12 14 | 14.0
Fighting       | 3 4 5 6 9 10 | 10.0
Invocations    | 3 |  3.0
Armour         | 1 |  1.7
Dodging        | 2 |  2.4
Short Blades   | |  0.6
Stealth        | |  0.4

Action                   |  1- 3 |  4- 6 |  7- 9 | 10-12 || total
-------------------------+-------+-------+-------+-------++-------
Melee: Short sword       |    55 |       |       |       ||    55
       Kick              |    18 |    36 |    77 |       ||   131
       Dagger            |    37 |   148 |   289 |       ||   474
       Punch             |       |       |     1 |       ||     1
 Fire: Shortbow          |       |    22 |   181 |   224 ||   427
Invok: Heroism           |       |       |     4 |     1 ||     5
  Use: Scroll            |       |       |       |     1 ||     1
  Eat: Chunk             |       |     4 |     9 |     4 ||    17
       Ration            |       |       |     2 |       ||     2
Armor: Leather armour    |    42 |    57 |       |       ||    99
       Ring mail         |       |    19 |   148 |    11 ||   178
Dodge: Dodged            |    44 |    70 |   133 |    16 ||   263

Table legend:
 A = Non-vault XP
 B = Vault XP
 C = Vault XP percentage of total XP
 D = Non-vault monster count
 E = Vault monster count
 F = Vault count percentage of total count
                 A         B        C        D         E       F
            +---------+---------+-------+---------+---------+-------
      Total |    5242 |    1843 |  26.0 |     214 |      23 |   9.7
            +---------+---------+-------+---------+---------+-------
        D:1 |      42 |       0 |   0.0 |      23 |       0 |   0.0
        D:2 |     121 |       9 |   6.9 |      29 |       5 |  14.7
        D:3 |      63 |     242 |  79.3 |      27 |       4 |  12.9
        D:4 |     269 |       9 |   3.2 |      11 |       5 |  31.2
        D:5 |     799 |      65 |   7.5 |      17 |       1 |   5.6
        D:6 |     234 |     176 |  42.9 |       8 |       2 |  20.0
        D:7 |     825 |    1342 |  61.9 |      17 |       6 |  26.1
        D:8 |    1644 |       0 |   0.0 |      30 |       0 |   0.0
        D:9 |     655 |       0 |   0.0 |      34 |       0 |   0.0
       D:10 |     590 |       0 |   0.0 |      18 |       0 |   0.0
            +---------+---------+-------+---------+---------+-------
